 Dungeon Crawl Stone Soup version 0.20-a0-263-g81abdfb (webtiles) character file.

39809 Gorice the Nimble (level 13, -6/80 HPs)
             Began as a Deep Elf Air Elementalist on Dec 3, 2016.
             Was a High Priest of Sif Muna.
             Mangled by a death yak (26 damage)
             ... on level 5 of the Lair of Beasts on Dec 4, 2016.
             The game lasted 02:10:27 (23464 turns).

Gorice the Nimble (Deep Elf Air Elementalist)      Turns: 23464, Time: 02:10:29

Health: -6/80      AC: 11    Str:  6    XL:     13   Next: 71%
Magic:  44/54      EV: 20    Int: 28    God:    Sif Muna [*****.]
Gold:   920        SH:  0    Dex: 15    Spells: 3/34 levels left

rFire  . . .     SeeInvis .     b - staff of power
rCold  . . .     Gourm    .     u - +2 leather armour {MR+}
rNeg   . . .     Faith    .     (no shield)
rPois  .         Spirit   .     x - +1 helmet
rElec  .         Reflect  .     L - +1 cloak
rCorr  .         Harm     .     O - +0 pair of gloves
MR     ++...                    h - +0 pair of boots
Stlth  ++........               (no amulet)
                                g - ring of magical power
                                i - +3 ring of intelligence

@: repel missiles
A: no striking features
a: Divine Energy, Channel Magic, Forget Spell, Renounce Religion


You were on level 5 of the Lair of Beasts.
You worshipped Sif Muna.
Sif Muna was extremely pleased with you.
You were not hungry.

You visited 3 branches of the dungeon, and saw 18 of its levels.

You collected 1180 gold pieces.
You spent 260 gold pieces at shops.

Inventory:

Hand Weapons
 a - a +1 demon blade of draining
   (You found it on level 11 of the Dungeon)
Missiles
 P - 7 javelins (quivered)
 Y - 5 throwing nets
Armour
 h - a +0 pair of boots (worn)
 u - a +2 leather armour of magic resistance (worn)
   (You took it off an orc on level 4 of the Dungeon)
 x - a +1 helmet (worn)
 L - a +1 cloak (worn)
 O - a +0 pair of gloves (worn)
Magical Staves
 b - an uncursed staff of power (weapon)
Jewellery
 g - a ring of magical power (right hand)
 i - a +3 ring of intelligence (left hand)
 k - an uncursed ring of poison resistance
 s - an uncursed ring of protection from fire
 y - an uncursed ring of flight
 C - an uncursed ring of resist corrosion
Wands
 t - a wand of flame (19/48)
 B - a wand of acid (1/15)
 I - a wand of acid (5/15)
 K - a wand of disintegration (8/24)
 M - a wand of paralysis (3/24)
Scrolls
 f - a scroll of silence {unknown}
 n - 5 scrolls of recharging
 o - 2 scrolls of magic mapping {!r}
 r - 5 scrolls of identify
 w - 2 scrolls of teleportation {!r}
 A - 3 scrolls of blinking
 G - a scroll of fear {!r}
 N - 4 scrolls of remove curse
Potions
 e - 2 potions of heal wounds {!q}
 j - 6 potions of haste {!q}
 m - 3 potions of curing
 p - a potion of brilliance {!q}
 v - 4 potions of agility {!q}
 D - a potion of resistance {!q}
 W - 3 potions of might {!q}
Comestibles
 c - 16 bread rations {!e}
 d - a slice of pizza
 l - 3 chunks of flesh
 S - 30 fruits


   Skills:
 + Level 9.5 Fighting
 - Level 2.0 Armour
 + Level 12.9 Dodging
 - Level 3.0 Stealth
 - Level 11.0 Spellcasting
 - Level 11.1 Conjurations
 - Level 4.3 Charms
 - Level 5.0 Translocations
 - Level 11.6 Air Magic


You had 3 spell levels left.
You knew the following spells:

 Your Spells              Type           Power        Failure   Level  Hunger
a - Shock                 Conj/Air       ####         1%          1    None
b - Static Discharge      Conj/Air       ######..     1%          3    None
c - Mephitic Cloud        Conj/Pois/Air  ######..     1%          3    None
d - Conjure Flame         Conj/Fire      #####...     1%          3    None
e - Lightning Bolt        Conj/Air       ######....   1%          5    ###....
f - Iskenderun's Mystic   Conj           ######..     1%          4    None
g - Iskenderun's Battles  Conj/Chrm      ######..     8%          5    ###....
A - Apportation           Tloc           #####.....   1%          1    None
J - Blink                 Tloc           N/A          1%          2    None
M - Repel Missiles        Chrm/Air       ######       1%          2    None
S - Swiftness             Chrm/Air       ######..     1%          2    None


Dungeon Overview and Level Annotations

Branches:
Dungeon (11/15)            Temple (1/1) D:7            Lair (6/6) D:11
  Swamp (0/4) Lair:3        Snake (0/4) Lair:2        Slime (0/5) Lair:6
    Orc: D:9-12

Altars:
Ashenzari
Cheibriados
Dithmenos
Elyvilon
Fedhas
Gozag
Hepliaklqana
Kikubaaqudgha
Makhleb
Nemelex Xobeh
Okawaru
Qazlal
Ru
Sif Muna
Trog
Uskayaw
Vehumet
Xom
Yredelemnul
Zin
The Shining One
Beogh
Jiyva

Shops:
D:9 =

Annotations:
D:5 Sigmund
D:10 vpUX: deep water spiral vault
Lair:6 1 runed door


Message History

Damage: 5 (max 5)
You see here a yak corpse.
You butcher the yak corpse.
l - 9 chunks of flesh (gained 3) Magic restored.
HP restored.
There is a stone staircase leading down here.
You climb downwards.
Level annotation: 1 runed door The death yak completely misses you.
The death yak misses you. The spiny frog barely misses you.
The death yak gores you but does no damage.
The spiny frog completely misses you. The death yak barely misses you.
There is a stone staircase leading up here.
The spiny frog closely misses you. The death yak gores you!! x2
* * * LOW HITPOINT WARNING * * *
You climb upwards.
There is a stone staircase leading down here.
Damage: 40 (max 40) Unknown command.
Casting: Static Discharge
Confirm with . or Enter, or press ? or * to list all spells.
You blink.
Some of the chunks of flesh in your inventory have rotted away.
Casting: Blink
Confirm with . or Enter, or press ? or * to list all spells.
Aiming: Lightning Bolt
Press: ? - help, Shift-Dir - straight line, f - death yak
Aim: a death yak You hear a mighty clap of thunder!
The bolt of lightning hits the death yak.
The death yak is lightly wounded.
The bolt of lightning hits the death yak.
The death yak is lightly wounded.
The death yak gores you!!
* * * LOW HITPOINT WARNING * * *
Damage: 21 (max 40)
Casting: Lightning Bolt
Confirm with . or Enter, or press ? or * to list all spells.
Aiming: Lightning Bolt
Press: ? - help, Shift-Dir - straight line, f/p - death yak
Aim: a death yak (lightly wounded)
You hear a mighty clap of thunder!
The bolt of lightning hits the death yak.
The death yak is lightly wounded.
The bolt of lightning misses the spiny frog.
The bolt of lightning hits the death yak.
The death yak is heavily wounded.
The death yak gores you!!
You die...

#### #♣≈≈## ♣≈≈≈≈# #♣♣≈≈≈≈♣
#P≈≈≈≈≈♣# #♣.≈..P≈♣ ##.....≈##
#.......≈# ##@....### # ###
#PYP..### ###### ######.####
####Y..##.####.#..###
.......#..###.#.F..#.....##....#P
................................P
.................................
.................................
.................................
...............>.................


You could see 2 death yaks and a spiny frog.

Vanquished Creatures
  Gastronok (Lair:1)
  A catoblepas (Lair:5)
  Harold (D:11)
  5 hydras
  3 death yaks (Lair:6)
  The ghost of Lochraine the Conjurer, a novice DrCj of Sif Muna (D:7)
  The ghost of murphy the Skirmisher, a novice MiBe of Trog (D:6)
  A hill giant (D:10)
  An ugly thing (D:11)
  The ghost of Gorice the Gusty, a novice DgAE (D:8)
  An oklob plant (Lair:1)
  5 elephants
  4 black mambas
  8 spiny frogs
  8 komodo dragons
  A rime drake (Lair:1)
  2 trolls
  5 slime creatures (D:10)
  Grinder (D:5)
  3 polar bears (Lair:5)
  4 hippogriffs
  21 blink frogs
  39 yaks
  A basilisk (Lair:6)
  2 wyverns
  Grum (D:11)
  2 hungry ghosts
  2 nagas (Lair:2)
  16 water moccasins
  4 porcupines
  An ice beast (D:10)
  A black bear (D:10)
  8 orc warriors
  A phantom (D:11)
  6 ogres
  3 wolves
  4 centaurs
  3 necrophages
  8 crocodiles
  3 big kobolds
  12 bullfrogs
  A wyvern zombie (D:9)
  2 scorpions
  5 wights
  4 electric eels
  2 howler monkeys
  4 crimson imps
  2 jellies
  A quasit (D:7)
  7 hounds
  3 bullfrog skeletons
  14 orc wizards
  11 orc priests
  An iguana (D:9)
  4 centaur skeletons
  4 worker ants
  A hound skeleton (D:4)
  A howler monkey zombie (D:3)
  3 worker ant zombies
  13 adders
  5 shadow imps
  An adder zombie (D:9)
  A dart slug (D:2)
  A worm (D:3)
  5 leopard geckos
  64 orcs
  A giant cockroach (D:1)
  7 goblins
  6 hobgoblins
  7 jackals
  6 quokkas
  A ball python (D:6)
  6 bats
  5 frilled lizards
  A goblin zombie (D:4)
  5 hobgoblin zombies (D:4)
  A jackal skeleton (D:7)
  A jackal zombie (D:6)
  26 kobolds
  An orc skeleton (D:4)
  2 orc zombies (D:4)
  A quokka zombie (D:8)
  2 rats (D:1)
  2 fungi
  6 plants
443 creatures vanquished.

Vanquished Creatures (others)
  2 fungi (Lair:6)
  16 plants
18 creatures vanquished.

Grand Total: 461 creatures vanquished

Notes
Turn   | Place    | Note
-------+----------+-------------------------------------------
     0 | D:1      | Gorice the Deep Elf Air Elementalist began the quest for the Orb.
     0 | D:1      | Reached XP level 1. HP: 10/10 MP: 6/6
   387 | D:1      | Reached XP level 2. HP: 12/15 MP: 1/8
   933 | D:1      | Reached skill level 3 in Stealth
   978 | D:1      | Reached skill level 2 in Conjurations
  1030 | D:2      | Reached XP level 3. HP: 19/19 MP: 4/9
  1533 | D:3      | Reached skill level 3 in Conjurations
  1545 | D:3      | Reached XP level 4. HP: 16/24 MP: 0/10
  1790 | D:3      | HP: 4/24 [scorpion (8)]
  1832 | D:2      | Learned a level 2 spell: Repel Missiles
  1835 | D:2      | Learned a level 2 spell: Swiftness
  1839 | D:2      | Learned a level 3 spell: Static Discharge
  2223 | D:3      | Reached skill level 4 in Conjurations
  2223 | D:3      | Reached skill level 4 in Air Magic
  2223 | D:3      | Reached XP level 5. HP: 28/28 MP: 7/11
  2610 | D:3      | Found a shimmering altar of Xom.
  3148 | D:4      | Found a glowing golden altar of the Shining One.
  3170 | D:4      | Reached skill level 1 in Charms
  3170 | D:4      | Reached XP level 6. HP: 32/32 MP: 5/13
  3310 | D:4      | Noticed an orc warrior
  3318 | D:4      | Reached skill level 5 in Conjurations
  3341 | D:3      | Reached skill level 4 in Spellcasting
  3425 | D:3      | HP: 6/32 [something/magic dart (4)]
  3426 | D:3      | HP: 2/32 [/static electricity (1)]
  3770 | D:4      | Killed an orc warrior
  3770 | D:4      | Reached skill level 2 in Charms
  3770 | D:4      | Reached skill level 5 in Air Magic
  3786 | D:4      | Reached XP level 7. HP: 16/36 MP: 2/15
  4233 | D:5      | Entered Level 5 of the Dungeon
  4594 | D:5      | Reached skill level 6 in Conjurations
  4594 | D:5      | Reached skill level 3 in Charms
  4815 | D:5      | Noticed Sigmund
  5096 | D:5      | Noticed Grinder
  5103 | D:5      | Killed Grinder
  5103 | D:5      | Reached skill level 1 in Armour
  5260 | D:6      | Reached skill level 5 in Spellcasting
  5260 | D:6      | Reached XP level 8. HP: 35/41 MP: 9/17
  5304 | D:6      | Reached skill level 4 in Charms
  5405 | D:6      | Noticed murphy's ghost (novice MiBe)
  5445 | D:6      | Got a dazzling dagger {drain}
  5471 | D:6      | Identified the +5 dagger "Huoved" {drain, *Noise rPois Str+5 Dex+3} (You took it off an orc on level 6 of the Dungeon)
  5496 | D:6      | Reached skill level 6 in Air Magic
  5663 | D:6      | Reached skill level 7 in Conjurations
  5825 | D:6      | Reached skill level 2 in Armour
  5965 | D:6      | Killed murphy's ghost
  5965 | D:6      | Reached skill level 6 in Spellcasting
  5965 | D:6      | Reached skill level 8 in Conjurations
  5965 | D:6      | Reached skill level 7 in Air Magic
  5965 | D:6      | Reached XP level 9. HP: 34/45 MP: 4/20
  6250 | D:7      | Learned a level 3 spell: Mephitic Cloud
  6254 | D:7      | Learned a level 3 spell: Conjure Flame
  6260 | D:7      | Learned a level 5 spell: Lightning Bolt
  6263 | D:7      | Learned a level 2 spell: Blink
  6428 | D:7      | Reached skill level 1 in Translocations
  6572 | D:7      | Found a glowing silver altar of Zin.
  6575 | D:7      | Found a burning altar of Makhleb.
  6577 | D:7      | Noticed a blizzard demon
  6577 | D:7      | Noticed an angel
  6581 | D:7      | Found a staircase to the Ecumenical Temple.
  6590 | Temple   | Entered the Ecumenical Temple
  6839 | Temple   | Became a worshipper of Sif Muna the Loreminder
  7088 | D:7      | Noticed Lochraine's ghost (novice DrCj)
  7410 | D:8      | Reached skill level 8 in Air Magic
  7487 | D:8      | Found a snail-covered altar of Cheibriados.
  7490 | D:8      | Found a shadowy altar of Dithmenos.
  7510 | D:8      | Found a radiant altar of Vehumet.
  7593 | D:8      | Reached skill level 7 in Spellcasting
  7704 | D:8      | Reached skill level 2 in Translocations
  7840 | D:8      | Noticed Gorice's ghost (novice DgAE)
  7903 | D:7      | Killed Lochraine's ghost
  7903 | D:7      | Reached * piety under Sif Muna
  7903 | D:7      | Reached skill level 9 in Conjurations
  8331 | D:8      | Reached skill level 3 in Translocations
  9110 | D:8      | Killed Gorice's ghost
  9110 | D:8      | Reached ** piety under Sif Muna
  9110 | D:8      | Reached skill level 9 in Air Magic
  9110 | D:8      | Reached XP level 10. HP: 50/50 MP: 5/23
  9301 | D:9      | Found a roughly hewn altar of Beogh.
  9440 | D:9      | Reached skill level 8 in Spellcasting
  9868 | D:9      | Found Kuaroha's Jewellery Shop.
  9890 | D:9      | Reached skill level 10 in Conjurations
 10163 | D:9      | Reached skill level 4 in Translocations
 10284 | D:9      | Found a white marble altar of Elyvilon.
 10889 | D:10     | Entered Level 10 of the Dungeon
 11129 | D:10     | HP: 9/50 [slime creature (13)]
 11535 | D:10     | Reached *** piety under Sif Muna
 11535 | D:10     | Reached skill level 10 in Air Magic
 11615 | D:10     | Reached skill level 9 in Spellcasting
 11724 | D:10     | Reached skill level 5 in Translocations
 12610 | D:11     | Noticed a six-headed hydra
 12617 | D:11     | Killed a six-headed hydra
 12617 | D:11     | Reached XP level 11. HP: 46/54 MP: 1/26
 12782 | D:10     | Noticed a hill giant
 12798 | D:10     | Killed a hill giant
 12798 | D:10     | Reached skill level 10 in Spellcasting
 12887 | D:11     | Noticed a red ugly thing
 12971 | D:10     | Reached skill level 11 in Conjurations
 13102 | D:10     | Reached **** piety under Sif Muna
 13225 | D:11     | Found a staircase to the Lair.
 13330 | D:11     | Killed a red ugly thing
 13700 | D:10     | Reached skill level 11 in Air Magic
 13965 | D:11     | Reached skill level 1 in Fighting
 14173 | D:11     | Noticed Harold
 14180 | D:11     | Killed Harold
 14180 | D:11     | Reached skill level 11 in Spellcasting
 14310 | D:11     | Reached skill level 2 in Fighting
 14460 | D:11     | Reached skill level 3 in Dodging
 14708 | Lair:1   | Entered Level 1 of the Lair of Beasts
 14714 | D:11     | HP: 4/57 [spiny frog (20)]
 14782 | D:9      | Bought an uncursed ring of poison resistance for 260 gold pieces
 14902 | Lair:1   | Noticed Grum
 15102 | D:11     | Killed Grum
 15209 | Lair:1   | Reached skill level 4 in Dodging
 15215 | Lair:1   | Reached skill level 3 in Fighting
 15256 | Lair:1   | Learned a level 1 spell: Apportation
 15420 | Lair:1   | Reached skill level 5 in Dodging
 15481 | Lair:1   | Noticed an oklob plant
 15748 | Lair:1   | Noticed a six-headed hydra
 15762 | Lair:1   | Killed a six-headed hydra
 15762 | Lair:1   | Reached skill level 4 in Fighting
 15940 | Lair:1   | Reached skill level 6 in Dodging
 16048 | Lair:1   | Noticed Gastronok
 16053 | Lair:1   | Noticed a six-headed hydra
 16058 | Lair:1   | Killed a six-headed hydra
 16058 | Lair:1   | Reached XP level 12. HP: 38/68 MP: 8/29
 16065 | Lair:1   | Killed Gastronok
 16065 | Lair:1   | Reached skill level 5 in Fighting
 16065 | Lair:1   | Reached skill level 7 in Dodging
 16077 | Lair:1   | HP: 20/68 [poisoned by a water moccasin]
 16082 | Lair:1   | HP: 19/68 [poisoned by a water moccasin]
 16089 | Lair:1   | HP: 18/68 [poisoned by a water moccasin]
 16097 | Lair:1   | HP: 18/68 [poisoned by a water moccasin]
 16773 | Lair:1   | Reached skill level 8 in Dodging
 17344 | Lair:2   | Reached skill level 6 in Fighting
 17432 | Lair:2   | Found a staircase to the Snake Pit.
 17726 | Lair:2   | Reached skill level 9 in Dodging
 18335 | Lair:3   | Reached skill level 7 in Fighting
 18412 | Lair:3   | Reached skill level 10 in Dodging
 19298 | Lair:3   | Found a staircase to the Swamp.
 19430 | Lair:3   | Upgraded the game from 0.20-a0-261-gcb1eca7 to 0.20-a0-263-g81abdfb
 19475 | Lair:4   | Learned a level 4 spell: Iskenderun's Mystic Blast
 20185 | Lair:4   | Reached skill level 11 in Dodging
 20685 | Lair:4   | Reached XP level 13. HP: 78/78 MP: 28/30
 20808 | Lair:5   | Reached skill level 8 in Fighting
 20973 | Lair:5   | HP: 22/78 [yak (13)]
 21038 | Lair:5   | HP: 23/78 [/static electricity (3)]
 21888 | Lair:5   | Reached ***** piety under Sif Muna
 21907 | Lair:5   | Identified Sif Muna's Disquisition on Aid and Curses (Sif Muna gifted it to you on level 5 of the Lair of Beasts)
 21907 | Lair:5   | Received a gift from Sif Muna
 21918 | Lair:5   | Learned a level 5 spell: Iskenderun's Battlesphere
 22104 | Lair:1   | Reached skill level 12 in Dodging
 22421 | Lair:6   | Entered Level 6 of the Lair of Beasts
 22680 | Lair:6   | Reached skill level 9 in Fighting
 22803 | Lair:6   | Found a runed door.
 22803 | Lair:6   | Found a viscous altar of Jiyva.
 22810 | Lair:6   | Noticed an acid blob
 22811 | Lair:6   | Found a staircase to the Slime Pits.
 23463 | Lair:5   | HP: 20/80 [death yak (21)]
 23464 | Lair:5   | Mangled by a death yak

Vault maps used:
D:1:      mrwooster_arrival_arrow, minmay_misc_feat_alley, grunt_decor_cap
D:3:      overflow_temple_1_default
D:4:      first_bread, nicolae_tso_besieged_by_evil
D:5:      dk_rats_in_the_wall, uniq_grinder, uniq_sigmund
D:7:      grunt_temple_overflow_order_and_chaos_2
D:8:      kennysheep_kobold_camp, chequers_temple_overflow_statue_of_worship,
          nicolae_overflow_crystal_walls
D:9:      elyvilon_altar_3, special_room, serial_shops, shop
D:10:     blue_anna_alchemist, grunt_ministairs_3,
          hangedman_decor_clover_reticule, water_maze_lemuel
D:11:     lair_entry_dummy, uniq_harold
Temple:   minmay_temple_curvy_branch
Lair:1:   st_stairs_13, infiniplex_staircase_pool, grunt_megastairs_1,
          minmay_lair_oklob_chamber, uniq_grum, uniq_gastronok
Lair:2:   guppyfry_snake_entry_garden, serial_bayou_shore_a, grunt_megastairs_3
Lair:3:   swamp_mist, cheibrodos_lair_caveside_slide, minmay_hedge_maze
Lair:4:   hibernation_bobbens
Lair:5:   eino_small_chamber_without_monster, gammafunk_lair_bear_cave,
          lemuel_fruit_tree, serial_bayou_shore_b
Lair:6:   hangedman_lair_caniforms_friends, hangedman_lair_in_review,
          slime_altar_2

Skill      XL: |  1  2  3  4  5  6  7  8  9 10 11 12 13 |
---------------+----------------------------------------+-----
Stealth        | 3 |  3.0
Conjurations   | 2 3 4 5 6 8 9 10 11 | 11.1
Air Magic      | 4 5 7 9 10 11 | 11.6
Charms         | 1 2 3 4 |  4.3
Spellcasting   | 4 5 6 7 9 11 | 11.0
Armour         | 1 2 |  2.0
Translocations | 3 5 |  5.0
Fighting       | 4 7 9 |  9.5
Dodging        | 6 11 12 | 12.9

Action                   |  1- 3 |  4- 6 |  7- 9 | 10-12 | 13-15 || total
-------------------------+-------+-------+-------+-------+-------++-------
Melee: Dagger            |     1 |     2 |       |       |       ||     3
       Scimitar          |       |     9 |   105 |    58 |       ||   172
       Demon blade       |       |       |       |    43 |       ||    43
       Staff             |       |       |       |       |     1 ||     1
Throw: Tomahawk          |       |       |       |     5 |       ||     5
 Cast: Shock             |    66 |   107 |   274 |   329 |    80 ||   856
       Repel Missiles    |       |     1 |     2 |     3 |       ||     6
       Static Discharge  |       |     7 |    22 |   116 |    54 ||   199
       Conjure Flame     |       |       |    13 |    70 |    13 ||    96
       Mephitic Cloud    |       |       |     5 |    18 |       ||    23
       Lightning Bolt    |       |       |     2 |    46 |    45 ||    93
       Blink             |       |       |       |     2 |     1 ||     3
       Iskenderun's Myst |       |       |       |     7 |    12 ||    19
       Swiftness         |       |       |       |     2 |       ||     2
       Iskenderun's Batt |       |       |       |       |     1 ||     1
Invok: Divine Energy     |       |       |       |     1 |       ||     1
       Stop Divine Energ |       |       |       |     1 |       ||     1
Evoke: Wand              |       |       |     6 |    10 |       ||    16
  Use: Scroll            |     5 |     2 |     8 |    10 |     1 ||    26
       Potion            |       |     1 |     1 |     3 |       ||     5
 Stab: Sleeping          |     1 |       |       |     1 |       ||     2
       Confused          |       |       |       |     1 |       ||     1
  Eat: Chunk             |     2 |     6 |    18 |    35 |    14 ||    75
       Pizza             |       |       |       |     2 |       ||     2
       Royal jelly       |       |       |       |     1 |       ||     1
Armor: Robe              |     6 |    10 |     1 |       |       ||    17
       Leather armour    |       |       |    20 |    72 |     8 ||   100
Dodge: Dodged            |    12 |    28 |    55 |   166 |    55 ||   316
       Deflected         |       |       |     2 |     7 |       ||     9
       Rpst.: Scimitar   |       |     3 |    15 |    32 |       ||    50
       Demon blade       |       |       |       |    24 |       ||    24

Table legend:
 A = Turns spent in this place as a percentage of turns spent in the entire game.
 B = Non-inter-level travel turns spent in this place as a percentage of non-inter-level travel turns spent in the entire game.
 C = Inter-level travel turns spent in this place as a percentage of turns spent in this place.
 D = Turns resting spent in this place as a percentage of non-inter-level travel turns spent in this place.
 E = Turns spent auto-exploring this place as a percentage of non-inter-level travel turns spent in this place.
 F = Non-inter-level travel turns spent in this place divided by the number of levels of this place that you've seen.
                   A       B       C       D       E      F
               +-------+-------+-------+-------+-------+----------------------
         Total | 100.0 | 100.0 |   0.8 |   6.4 |   6.5 | 355.9
       Dungeon |  67.6 |  67.7 |   0.7 |   6.1 |   6.5 | 394.3
        Temple |   0.3 |   0.3 |   9.5 |   0.0 |  84.2 |  19.0
          Lair |  32.1 |  32.0 |   1.0 |   7.2 |   5.9 | 341.8
               +-------+-------+-------+-------+-------+----------------------

Vault maps used:
D:1:      mrwooster_arrival_arrow, minmay_misc_feat_alley, grunt_decor_cap
D:3:      overflow_temple_1_default
D:4:      first_bread, nicolae_tso_besieged_by_evil
D:5:      dk_rats_in_the_wall, uniq_grinder, uniq_sigmund
D:7:      grunt_temple_overflow_order_and_chaos_2
D:8:      kennysheep_kobold_camp, chequers_temple_overflow_statue_of_worship,
          nicolae_overflow_crystal_walls
D:9:      elyvilon_altar_3, special_room, serial_shops, shop
D:10:     blue_anna_alchemist, grunt_ministairs_3,
          hangedman_decor_clover_reticule, water_maze_lemuel
D:11:     lair_entry_dummy, uniq_harold
Temple:   minmay_temple_curvy_branch
Lair:1:   st_stairs_13, infiniplex_staircase_pool, grunt_megastairs_1,
          minmay_lair_oklob_chamber, uniq_grum, uniq_gastronok
Lair:2:   guppyfry_snake_entry_garden, serial_bayou_shore_a, grunt_megastairs_3
Lair:3:   swamp_mist, cheibrodos_lair_caveside_slide, minmay_hedge_maze
Lair:4:   hibernation_bobbens
Lair:5:   eino_small_chamber_without_monster, gammafunk_lair_bear_cave,
          lemuel_fruit_tree, serial_bayou_shore_b
Lair:6:   hangedman_lair_caniforms_friends, hangedman_lair_in_review,
          slime_altar_2
